 Dungeon Crawl Stone Soup version 0.19-a0-1714-gcab94ab (webtiles) character file.

273 st0uf the Stinger (level 6, -2/55 HPs)
             Began as a Naga Venom Mage on Sept 28, 2016.
             Slain by Grinder (4 damage)
             ... while paralysed by Grinder
             ... on level 4 of the Dungeon.
             The game lasted 00:14:25 (3009 turns).

st0uf the Stinger (Naga Venom Mage)                 Turns: 3009, Time: 00:14:26

Health: -2/55      AC:  5    Str: 10    XL:     6   Next: 24%
Magic:  10/11      EV:  1    Int: 16    God:
Gold:   255        SH:  0    Dex: 13    Spells: 2 memorised, 8 levels left

rFire  . . .     SeeInvis +     s - +1 short sword (venom)
rCold  . . .     Gourm    .     a - +0 robe
rNeg   . . .     Faith    .     (no shield)
rPois  +         Spirit   .     (no helmet)
rElec  .         Dismiss  .     (no cloak)
rCorr  .         Reflect  .     h - +0 pair of gloves
MR     .....     Harm     .     (no barding)
Stlth  ++........ Rnd*Tele +    (no amulet)
                                (no ring)
                                p - ring of teleportation (curse)

@: paralysed, short of breath, very slow
A: see invisible, deformed body, poison resistance, slowness 2, slow metabolism
1, spit poison 1, AC +2
a: Spit Poison


You were on level 4 of the Dungeon.
You were hungry.

You visited 1 branch of the dungeon, and saw 4 of its levels.

You collected 255 gold pieces.

Inventory:

Hand Weapons
 s - a +1 short sword of venom (weapon)
Armour
 a - a +0 robe (worn)
 h - a +0 pair of gloves (worn)
Magical Staves
 o - an uncursed staff of conjuration
Jewellery
 p - a cursed ring of teleportation (left hand)
Scrolls
 e - 3 scrolls of immolation {unknown}
 f - 2 scrolls of teleportation {unknown}
 i - 5 scrolls of identify {unknown}
 k - 3 scrolls of magic mapping {unknown}
 n - 2 scrolls of noise {unknown}
 q - a scroll of blinking {unknown}
 t - a scroll of fog {unknown}
Potions
 g - 3 potions of curing
 l - 2 potions of degeneration {unknown}
 m - a potion of mutation {unknown}
Books
 b - a Young Poisoner's Handbook

   Spells                             Type                      Level
   a - Sting                          Conjuration/Poison           1
   b - Mephitic Cloud                 Conjuration/Poison/Air       3
   c - Olgreb's Toxic Radiance        Poison                       4
   d - Alistair's Intoxication        Transmutation/Poison         5
   e - Venom Bolt                     Conjuration/Poison           5
Comestibles
 c - 3 bread rations
 d - a slice of pizza
 j - 2 beef jerkies


   Skills:
 * Level 2.9 Fighting
 + Level 1.4 Armour
 + Level 2.6 Dodging
 - Level 3.0 Stealth
 * Level 3.6 Spellcasting
 + Level 5.8 Poison Magic


You had 8 spell levels left.
You knew the following spells:

 Your Spells              Type           Power        Failure   Level  Hunger
a - Sting                 Conj/Pois      ##..         8%          1    None
b - Mephitic Cloud        Conj/Pois/Air  #.......     28%         3    ###....


Dungeon Overview and Level Annotations

Branches:
Dungeon (4/15)
 Temple: D:4-7

Altars:
Elyvilon
Sif Muna

Annotations:
D:4 Grinder


Innate Abilities, Weirdness & Mutations

You cannot wear boots.
Your serpentine skin is tough. (AC +2)
You have supernaturally acute eyesight. (SInv)
Armour fits poorly on your strangely shaped body.
Your system is resistant to poisons. (rPois)
You cover ground very slowly.
You have a slow metabolism.
You can spit poison.


Message History

Unknown command.
You hit Grinder.
Grinder is heavily wounded.
Grinder hits you but does no damage.
Press: ? - help, Shift-Dir - straight line, f/p - Grinder
Aim: Grinder (heavily wounded, poisoned)
The splash of poison hits Grinder.
Grinder appears unharmed.
Grinder is heavily wounded.
You feel slightly more hungry. Grinder gestures at you.
You suddenly lose the ability to move!
Grinder hits you but does no damage. Grinder hits you.
* * * LOW HITPOINT WARNING * * *
You writhe in agony.
* * * LOW HITPOINT WARNING * * *
Grinder hits you.
* * * LOW HITPOINT WARNING * * *
You writhe in agony.
You die...

.....# .....#########
.....#..#....
.....#..##.#######
5....#...........#
..)..##.##†#####. ##
.........#.)# .#
....#######.######.#####
....# #.......@5.....#
##### #########..##.##
#.## #.# #.. ###


You could see Grinder.

Vanquished Creatures
  A bullfrog skeleton (D:4)
  2 orc wizards
  A worker ant (D:4)
  A hound skeleton (D:4)
  9 adders
  2 oozes
  A dart slug (D:4)
  A worm (D:2)
  4 leopard geckos
  8 orcs
  2 giant cockroaches (D:3)
  5 goblins
  4 hobgoblins
  2 jackals (D:3)
  4 bats
  7 frilled lizards
  8 kobolds
  7 rats
69 creatures vanquished.

Notes
Turn   | Place    | Note
-------+----------+-------------------------------------------
     0 | D:1      | st0uf the Naga Venom Mage began the quest for the Orb.
     0 | D:1      | Reached XP level 1. HP: 15/15 MP: 3/3
   323 | D:1      | Reached XP level 2. HP: 24/24 MP: 5/5
   603 | D:2      | Found a deep blue altar of Sif Muna.
   766 | D:2      | Reached skill level 1 in Fighting
   766 | D:2      | Reached XP level 3. HP: 31/31 MP: 6/6
  1255 | D:2      | Reached XP level 4. HP: 26/38 MP: 4/8
  1874 | D:3      | Found a white marble altar of Elyvilon.
  2072 | D:3      | Reached skill level 1 in Armour
  2076 | D:3      | Reached XP level 5. HP: 41/45 MP: 3/9
  2539 | D:4      | Learned a level 3 spell: Mephitic Cloud
  2932 | D:4      | Reached XP level 6. HP: 47/55 MP: 11/11
  2959 | D:4      | Noticed Grinder
  3006 | D:4      | Paralysed by Grinder for 6 turns
  3009 | D:4      | HP: 2/55 [Grinder (2)]
  3009 | D:4      | Slain by Grinder

Vault maps used:
D:1:      mainiacjoe_arrival_reflecting_pool
D:2:      led_sif_pool, first_bread
D:3:      nicolae_overflow_crystal_walls, serial_bayou, serial_bayou_pond_a,
          serial_bayou_shore_b, serial_bayou_shore_b, serial_bayou_pond_b,
          serial_bayou_pond_a, serial_bayou_pond_a, dk_noncrumbling_4
D:4:      uniq_grinder

Skill      XL: |  1  2  3  4 |
---------------+-------------+-----
Fighting       | 1 2 |  2.9
Dodging        | 2 |  2.6
Spellcasting   | 3 |  3.6
Armour         | 1 |  1.4
Stealth        | |  3.0
Poison Magic   | |  5.8

Action                   |  1- 3 |  4- 6 || total
-------------------------+-------+-------++-------
Melee: Unarmed           |    26 |    45 ||    71
       Short sword       |       |    28 ||    28
       Staff             |       |     6 ||     6
 Cast: Sting             |    16 |    55 ||    71
 Abil: Spit Poison       |    29 |    30 ||    59
  Use: Potion            |       |     1 ||     1
 Stab: Sleeping          |       |     1 ||     1
  Eat: Chunk             |     2 |     6 ||     8
Armor: Robe              |    14 |    45 ||    59
Dodge: Dodged            |    17 |    59 ||    76
